 Dungeon Crawl Stone Soup version 0.30-a0-879-ga8ba668304 (webtiles) character file.

Game seed: 16680398595888779467

55 cforsyth the Trooper (level 3, -3/37 HPs)
             Began as an Ogre Reaver on Mar 14, 2023.
             Slain by Natasha (7 damage)
             ... on level 2 of the Dungeon.
             The game lasted 00:02:34 (1578 turns).

cforsyth the Trooper (Ogre Reaver)                  Turns: 1578, Time: 00:02:35

Health: -3/37      AC:  4    Str: 18    XL:     3   Next: 93%
Magic:  7/7        EV:  9    Int: 14    God:
Gold:   115        SH:  0    Dex:  7    Spells: 7/8 levels left

rFire   . . .      SeeInvis .    a - +0 spear
rCold   . . .      Faith    .    (no shield)
rNeg    . . .      Spirit   .    b - +0 robe
rPois   .          Reflect  .    (helmet restricted)
rElec   .          Rampage  .    l - +0 cloak
rCorr   .                        (gloves unavailable)
Will    .....                    (boots unavailable)
Stlth   +                        (no amulet)
HPRegen 0.26/turn                f - ring of flight
MPRegen 0.10/turn                (no ring)

@: mighty, flying, slowed, very slow
A: large, unfitting armour, tough skin 1
a: no special abilities


You were on level 2 of the Dungeon.
You visited 1 branch of the dungeon, and saw 2 of its levels.

You collected 115 gold pieces.

Inventory:

Hand Weapons
 a - a +0 spear (weapon)
Armour
 b - a +0 robe (worn)
 l - a +0 cloak (worn)
Jewellery
 f - a ring of flight (left hand)
Scrolls
 c - a scroll of immolation {unknown}
 d - a scroll of noise {unknown}
 g - 2 scrolls of teleportation {unknown}
 i - a scroll of enchant weapon {unknown}
 j - 2 scrolls of silence {unknown}
 k - a scroll of identify {unknown}


   Skills:
 + Level 3.4 Fighting
 + Level 3.3 Polearms
 + Level 2.2 Dodging
 + Level 3.0 Spellcasting
 + Level 3.1 Conjurations


You had 7 spell levels left.
You knew the following spells:

 Your Spells              Type           Power      Damage    Failure   Level
a - Kiss of Death         Conj/Necr      24%        2d7       12%         1

Your spell library contained the following spells:

 Spells                   Type           Power      Damage    Failure   Level
 Momentum Strike          Conj/Tloc      12%        3d8       17%         2
 Lesser Beckoning         Tloc           4%         N/A       32%         2
 Hailstorm                Conj/Ice       6%         3d4       34%         3
 Gell's Gravitas          Tloc           2%         N/A       54%         3
 Teleport Other           Tloc           2%         N/A       54%         3


Dungeon Overview and Level Annotations

Branches:
Dungeon (2/15)

Altars:
Vehumet

Annotations:
D:2 Natasha


Innate Abilities, Weirdness & Mutations

You are too large for most types of armour.
You have tough skin. (AC +1)


Message History

You are too injured to fight recklessly!
You are too injured to fight recklessly!
You are too injured to fight recklessly!
You are too injured to fight recklessly!
You are too injured to fight recklessly!
You are too injured to fight recklessly!
You are too injured to fight recklessly!
You are too injured to fight recklessly!
You hit Natasha.
Natasha is moderately wounded.
Natasha mewls in sadness.
Natasha barely misses you. Natasha casts a spell at you.
The magic dart hits you!
* * * LOW HITPOINT WARNING * * *
It was a potion of might.
You feel very mighty all of a sudden. Natasha closely misses you.
You feel better. Natasha claws you but does no damage.
Natasha closely misses you.
You closely miss Natasha.
Natasha is moderately wounded.
Natasha claws you.
* * * LOW HITPOINT WARNING * * *
Unknown command.
You closely miss Natasha.
Natasha is moderately wounded.
Natasha claws you but does no damage. Natasha barely misses you.
You hit Natasha.
Natasha is heavily wounded.
Natasha closely misses you.
You miss Natasha.
Natasha is heavily wounded.
Natasha casts a spell at you. The magic dart hits you.
* * * LOW HITPOINT WARNING * * *
You puncture Natasha!
Natasha is almost dead.
Natasha claws you!
You die...

##### ############### .....
5.h....5.....>#
#################h#
.........).[....@.#
#################.#........#
#.#........# ####
#.#......[.# .....
..#........# .....
..+........# .....
.##.....?..# ##### ..
#........# # #........#


You could see an iron imp (summoned) and Natasha.

Vanquished Creatures
  An adder (D:2)
  A worm (D:2)
  An orc (D:2)
  2 ball pythons (D:1)
  7 bats
  3 goblins
  4 hobgoblins
  7 jackals (D:2)
  2 quokkas (D:2)
  2 frilled lizards (D:2)
  2 kobolds (D:1)
  5 rats
37 creatures vanquished.

Notes
Turn   | Place    | Note
-------+----------+-------------------------------------------
     0 | D:1      | cforsyth the Ogre Reaver began the quest for the Orb.
     0 | D:1      | Reached XP level 1. HP: 22/22 MP: 3/3
   146 | D:1      | Reached XP level 2. HP: 29/29 MP: 3/5
   808 | D:2      | Reached XP level 3. HP: 37/37 MP: 7/7
   857 | D:2      | Found a radiant altar of Vehumet.
  1555 | D:2      | Noticed Natasha
  1578 | D:2      | Slain by Natasha

Illustrated notes

Levels and vault maps discovered:
D:1:      dpeg_arrival_tiny_f, layout_rooms, hangedman_abyss_or_decor_stabs
D:2:      layout_basic, basic_altar, minmay_pentomino_v2, uniq_natasha

Skill      XL: |  1  2  3 |
---------------+----------+-----
Fighting       | 3 |  3.4
Dodging        | 2 |  2.2
Conjurations   | 3 |  3.1
Spellcasting   | 3 |  3.0
Polearms       | |  3.3

Action                     || total
---------------------------++-------
  Melee: Spear             ||   176
         Punch             ||     3
    Use: Potion            ||     2
 Armour: Robe              ||    77
  Dodge: Dodged            ||    82

Table legend: (Time is in decaauts)
 A = Elapsed time spent in this place.
 B = Non-inter-level travel time spent in this place.
 C = Inter-level travel time spent in this place.
 D = Time resting spent in this place.
 E = Time spent auto-exploring this place.
 F = Levels seen in this place.
 G = Mean time per level.
                   A        B        C        D        E       F      G
               +--------+--------+--------+--------+--------+-----+--------+
         Total |   1575 |   1558 |     17 |     53 |   1160 |   2 |  787.5 |
       Dungeon |   1575 |   1558 |     17 |     53 |   1160 |   2 |  787.5 |
               +--------+--------+--------+--------+--------+-----+--------+

Top non-repeatable levels by time:
     D:2: 822 daAuts
     D:1: 752 daAuts
